 Dungeon Crawl Stone Soup version 0.26-a0-591-g04f19ec (webtiles) character file.

Game seed: 12985765907640502864

35975 Dorkslayer the Grappler (level 13, -12/126 HPs)
             Began as a Troll Fighter on Aug 23, 2020.
             Was the Champion of the Shining One.
             Killed from afar by a lich (18 damage)
             ... with a bolt of acid
             ... while petrified by a lich
             ... on level 3 of the Abyss on Aug 24, 2020.
             The game lasted 00:56:26 (11232 turns).

Dorkslayer the Grappler (Troll Fighter)            Turns: 11232, Time: 00:56:27

Health: -12/126    AC: 15    Str: 30    XL:     13   Next: 50%
Magic:  8/17       EV:  1    Int:  4    God:    the Shining One [******]
Gold:   431        SH:  0    Dex: 10    Spells: 12/12 levels left

rFire    + + .     SeeInvis .     - Unarmed
rCold    . . .     Faith    +   O - +1 kite shield {rF+}
rNeg     + + +     Spirit   .   J - +2 swamp dragon scales
rPois    ∞         Reflect  .   (helmet restricted)
rElec    .         Harm     .   i - +2 cloak
rCorr    .                      (gloves unavailable)
MR       .....                  (boots unavailable)
Stlth    +.........             h - amulet of faith
HPRegen  0.71/turn              I - +4 ring of slaying
MPRegen  0.15/turn              l - +4 ring of evasion

@: petrified, corroded, hasted, glowing
A: large, unfitting armour, claws 3, iridescent scales 1, fire resistance 1,
regeneration 1, shaggy fur 1, tough skin 3, wild magic 1
a: Divine Shield, Cleansing Flame, Summon Divine Warrior, Brand Weapon With Holy
Wrath, Renounce Religion


You were on level 3 of the Abyss.
You worshipped the Shining One.
The Shining One was exalted by your worship.
You visited 1 branch of the dungeon, and saw 14 of its levels.
You visited the Abyss 1 time.
You also visited: Sewer, Ossuary and Gauntlet.

You collected 968 gold pieces.
You spent 537 gold pieces at shops.

Inventory:

Hand Weapons
 C - a +0 broad axe of protection
Missiles
 f - 15 boomerangs (quivered)
 n - 19 javelins
 A - 4 throwing nets
 S - 10 silver javelins
Armour
 i - a +2 cloak (worn)
 D - the +2 hat "Vonnerew" {*Slow rF+ rC+ MP+9}
   (You found it in a Gauntlet)

   It protects you from fire.
   It protects you from cold.
   It affects your magic capacity (+9).
   It may slow you when you take damage.
 J - +2 swamp dragon scales (worn)
 O - a +1 kite shield of fire resistance (worn)
Jewellery
 d - an uncursed ring of resist corrosion
 h - an amulet of faith (around neck)
 l - a +4 ring of evasion (right claw)
 I - a +4 ring of slaying (left claw)
 K - an uncursed amulet of magic regeneration {unknown}
 Q - an uncursed amulet of guardian spirit
Wands
 g - a wand of iceblast (13)
 r - a wand of acid (13)
 s - a wand of flame (49)
 H - a wand of digging (1)
 M - a wand of enslavement (10)
 N - a wand of paralysis (8)
Scrolls
 a - 2 scrolls of fog
 b - a scroll of enchant armour
 e - a scroll of holy word {unknown}
 j - 3 scrolls of enchant weapon
 m - 2 scrolls of fear
 o - 10 scrolls of remove curse
 p - 2 scrolls of amnesia
 t - 3 scrolls of immolation
 w - 2 scrolls of vulnerability {unknown}
 y - 4 scrolls of blinking {unknown}
 E - 6 scrolls of teleportation
 R - 2 scrolls of random uselessness {unknown}
 T - a scroll of acquirement {unknown}
Potions
 c - 3 potions of might
 k - 2 potions of flight
 q - 2 potions of berserk rage
 u - 3 potions of mutation
 v - 3 potions of haste
 x - a potion of ambrosia
 z - 6 potions of curing
 B - 3 potions of magic
 F - 2 potions of resistance
 G - a potion of cancellation
Miscellaneous
 P - a box of beasts (1/3)


   Skills:
 * Level 7.6 Fighting
 + Level 4.1 Throwing
 + Level 4.6 Armour
 + Level 5.9 Dodging
 + Level 1.2 Stealth
 * Level 9.2 Shields
 + Level 12.1 Unarmed Combat
 * Level 7.1 Invocations
 * Level 6.3 Evocations


You had 12 spell levels left.
You didn't know any spells.
Your spell library contained the following spells:

 Spells                   Type           Power        Failure   Level
 Beastly Appendage        Tmut           #.....       71%         1
 Magic Dart               Conj           #...         71%         1
 Summon Small Mammal      Summ           #...         71%         1
 Call Imp                 Summ           #.......     83%         2
 Ensorcelled Hibernation  Hex/Ice        #.....       83%         2
 Searing Ray              Conj           #.....       83%         2
 Wereblood                Tmut           #.......     83%         2
 Call Canine Familiar     Summ           #.......     96%         3
 Dazzling Flash           Conj/Hex       #.....       96%         3
 Spider Form              Tmut/Pois      #.........   96%         3
 Summon Guardian Golem    Hex/Summ       #.......     96%         3
 Fulminant Prism          Conj/Hex       #.........   100%        4
 Ice Form                 Ice/Tmut       #.......     100%        4
 Iskenderun's Mystic Bla  Conj/Tloc      #.......     100%        4
 Summon Ice Beast         Ice/Summ       #.......     100%        4
 Summon Lightning Spire   Summ/Air       #.......     100%        4
 Blade Hands              Tmut           #.........   100%        5
 Borgnjor's Vile Clutch   Necr/Erth      #.........   100%        5
 Silence                  Hex/Air        #.........   100%        5
 Shadow Creatures         Summ           N/A          100%        6


Dungeon Overview and Level Annotations

Branches:
Dungeon (14/15)            Temple (0/1) D:7            Lair (0/6) D:11
    Orc (0/2) D:10          Sewer (visited)         Ossuary (visited)
Gauntlet (visited)
 Vaults: D:13-14

Altars:
Yredelemnul
The Shining One

Shops:
D:4 [   D:5 :   D:9 !   D:12 *

Portals:
Trove: D:11 (show slimy rune of Zot)

Annotations:
D:14 Louise


Innate Abilities, Weirdness & Mutations

You are too large for most types of armour.
You have claws for hands.
Your natural rate of healing is unusually fast.
You are covered in fur. (AC +1)
You have extremely tough skin. (AC +3)
You are partially covered in iridescent scales. (AC +2)
Your flesh is heat resistant. (rF+)
Your spells are a little harder to cast, but a little more powerful.


Message History

The bolt of acid hits you!!! The acid corrodes you!
You are splashed with acid!
* * * LOW HITPOINT WARNING * * *
The lich points at you and mumbles some strange words.
You are slowing down.
You feel yourself speed up. The lich touches you.
* * * LOW HITPOINT WARNING * * *
The lich closely misses you.
You have turned to stone.
The lich touches you but does no damage. x2
The lich touches you.
* * * LOW HITPOINT WARNING * * *
The lich touches you but does no damage.
The lich touches you.
The lich gestures at you while chanting.
The lich casts a spell at you. The crystal spear hits you!!!
* * * LOW HITPOINT WARNING * * *
The lich touches you. The lich casts a spell at you.
The bolt of acid hits you!!!
You die...

.....##### .#..
#..# ..... .....# #
. ..#.# #.# . .#..
#.. L ..#. . ..
#...#.. # # ## # #
#. .#... 'L ..# .
#.. #...#....#... #
#....#L###....#.
.#.#
........@......#.
..#.#
.#.............####
.
...................
. ..
.#####.......... .
# # '.####.....
....#. .#. #.......
.#. ..#. ####.. . .
. |. #. #..... # .
... .


You could see a lich (fast).

Vanquished Creatures
  Nessos (D:14)
  A minotaur (Gauntlet)
  Snorg (D:11)
  A green death (Gauntlet)
  Harold (D:8)
  A catoblepas (Gauntlet)
  A death knight (D:11)
  2 centaur warriors
  4 two-headed ogres
  A tengu warrior (D:12)
  Sonja (D:13)
  An unseen horror (D:13)
  A glowing orange brain (Abyss:3)
  A phantasmal warrior (D:11)
  A deep elf mage (D:12)
  3 cyclopes
  A manticore (D:13)
  3 ugly things
  3 centaur zombies
  2 molten gargoyles (Gauntlet)
  Joseph (D:7)
  2 gargoyles
  Maggie (D:8)
  A smoke demon (Abyss:3)
  A minotaur zombie (Gauntlet)
  3 yaktaurs (D:12)
  A komodo dragon (D:12)
  A guardian mummy (D:11)
  2 hellwings (Abyss:3)
  2 trolls
  A hornet (D:11)
  4 hippogriffs
  8 slime creatures
  Sigmund (D:5)
  A shadow (D:11)
  4 wraiths
  13 yaks
  Grum (D:8)
  A wyvern (D:12)
  A chaos spawn (Abyss:3)
  4 vampire mosquitoes (D:12)
  A large abomination (Abyss:3)
  Edmund (D:5)
  Menkaure (Ossuary)
  2 acid dragons
  A small abomination (Abyss:3)
  2 ice beasts
  10 orc warriors
  Purgy (Sewer)
  2 sky beasts (D:10)
  2 black bears
  A phantom (D:7)
  5 ogres
  An eye of draining (D:12)
  2 wolves (D:8)
  9 centaurs
  A crocodile (D:13)
  A big kobold (D:11)
  Blork the orc (D:5)
  12 bullfrogs
  A wyvern zombie (D:13)
  A water moccasin zombie (D:9)
  A hornet simulacrum (Gauntlet)
  2 scorpions
  9 killer bees
  3 wights (D:11)
  13 howler monkeys
  2 quasits
  7 hounds
  A bullfrog zombie (D:6)
  4 jellies
  2 bullfrog skeletons
  4 centaur skeletons
  16 orc priests
  Crazy Yiuf (D:5)
  Jessica (D:3)
  6 iguanas
  15 orc wizards
  14 worker ants
  2 bullfrog simulacra (Gauntlet)
  2 centaur simulacra (Gauntlet)
  A hound skeleton (D:10)
  A howler monkey zombie (D:6)
  3 mummies (Ossuary)
  2 worker ant zombies
  13 adders
  6 gnolls
  2 shadow imps
  5 white imps
  2 ufetubi
  An ooze (D:6)
  3 adder skeletons
  3 worms
  2 dart slugs
  6 leopard geckos
  62 orcs
  4 ball pythons
  10 bats
  11 giant cockroaches
  5 gnoll zombies (Ossuary)
  6 goblins
  8 hobgoblins
  9 jackals
  3 quokkas
  8 frilled lizards
  3 gnoll skeletons (Ossuary)
  3 goblin skeletons (Ossuary)
  7 goblin zombies (Ossuary)
  4 hobgoblin skeletons (Ossuary)
  2 hobgoblin zombies (Ossuary)
  2 jackal skeletons
  17 kobolds
  8 kobold skeletons (Ossuary)
  4 kobold zombies (Ossuary)
  A leopard gecko skeleton (D:7)
  4 orc skeletons (Ossuary)
  3 orc zombies (Ossuary)
  A quokka skeleton (D:4)
  10 rats
  3 rat skeletons (Ossuary)
  4 rat zombies (Ossuary)
500 creatures vanquished.

Vanquished Creatures (others)
  3 yaks (D:13)
  A scorpion (D:11)
  A worker ant (D:10)
  A demonic plant (Gauntlet)
  17 plants
23 creatures vanquished.

Grand Total: 523 creatures vanquished

Notes
Turn   | Place    | Note
-------+----------+-------------------------------------------
     0 | D:1      | Dorkslayer the Troll Fighter began the quest for the Orb.
     0 | D:1      | Reached XP level 1. HP: 22/22 MP: 0/0
   236 | D:1      | Reached XP level 2. HP: 29/29 MP: 1/1
   720 | D:1      | Reached XP level 3. HP: 36/36 MP: 2/2
  1237 | D:2      | Reached XP level 4. HP: 43/44 MP: 3/3
  1481 | D:2      | Found a basalt altar of Yredelemnul.
  1637 | D:3      | Noticed Jessica
  1652 | D:3      | Killed Jessica
  1652 | D:3      | Reached skill level 3 in Unarmed Combat
  1654 | D:3      | Reached XP level 5. HP: 50/50 MP: 4/4
  1718 | D:3      | Reached skill level 1 in Armour
  2283 | D:4      | Found a glowing drain.
  2296 | Sewer    | Entered a sewer
  2370 | Sewer    | Noticed Purgy
  2376 | Sewer    | Killed Purgy
  2376 | Sewer    | Reached skill level 1 in Throwing
  2376 | Sewer    | Reached XP level 6. HP: 57/59 MP: 5/5
  2586 | D:4      | Found a glowing golden altar of the Shining One.
  2596 | D:4      | You fall into a shaft and drop 1 floor!
  2596 | D:5      | Entered Level 5 of the Dungeon
  2620 | D:5      | Noticed Edmund
  2635 | D:5      | Killed Edmund
  2635 | D:5      | Reached skill level 4 in Unarmed Combat
  2635 | D:5      | Reached XP level 7. HP: 63/66 MP: 6/6
  2678 | D:5      | Noticed Blork the orc
  2684 | D:5      | Found a sand-covered staircase.
  2693 | Ossuary  | Entered an ossuary
  2788 | Ossuary  | Reached skill level 1 in Evocations
  2952 | Ossuary  | Noticed Menkaure
  2964 | Ossuary  | Killed Menkaure
  3072 | D:5      | Killed Blork the orc
  3306 | D:5      | Reached skill level 5 in Unarmed Combat
  3306 | D:5      | Noticed Sigmund
  3314 | D:5      | Killed Sigmund
  3314 | D:5      | Reached XP level 8. HP: 65/74 MP: 7/7
  3687 | D:4      | Found Vussotot's Armour Shop.
  3853 | D:4      | Became a worshipper of the Shining One
  4230 | D:5      | Gained mutation: Your spells are a little harder to cast,
                  | but a little more powerful. [potion of mutation]
  4230 | D:5      | Gained mutation: Your system is resistant to poisons.
                  | (rPois) [potion of mutation]
  4447 | D:5      | Reached skill level 6 in Unarmed Combat
  4448 | D:5      | Found Woopy's Book Emporium.
  4615 | D:5      | Found a runed translucent door.
  4616 | D:5      | Noticed Crazy Yiuf
  4621 | D:5      | Killed Crazy Yiuf
  4966 | D:6      | Reached * piety under the Shining One
  4966 | D:6      | Reached XP level 9. HP: 74/83 MP: 8/8
  5457 | D:7      | Reached skill level 1 in Invocations
  5536 | D:7      | Reached ** piety under the Shining One
  5552 | D:7      | Reached skill level 5 in Shields
  5605 | D:7      | Noticed a troll
  5611 | D:7      | Killed a troll
  5611 | D:7      | Reached skill level 7 in Unarmed Combat
  5624 | D:7      | Noticed Joseph
  5644 | D:7      | Killed Joseph
  5656 | D:7      | Found a staircase to the Ecumenical Temple.
  6009 | D:8      | Reached XP level 10. HP: 74/92 MP: 10/10
  6065 | D:8      | Noticed Maggie
  6074 | D:8      | Killed Maggie
  6095 | D:8      | Noticed a two-headed ogre
  6103 | D:8      | Killed a two-headed ogre
  6103 | D:8      | Reached skill level 8 in Unarmed Combat
  6391 | D:8      | Noticed Grum
  6392 | D:8      | Noticed Harold
  6399 | D:8      | Killed Grum
  6405 | D:8      | Reached skill level 1 in Stealth
  6423 | D:8      | Killed Harold
  6429 | D:8      | Reached *** piety under the Shining One
  6432 | D:8      | Noticed a two-headed ogre
  6445 | D:8      | Killed a two-headed ogre
  6720 | D:9      | Found Yseteaf's Distillery.
  6728 | D:9      | Bought a potion of curing for 45 gold pieces
  6728 | D:9      | Bought a potion of heal wounds for 75 gold pieces
  6728 | D:9      | Bought a potion of might for 60 gold pieces
  6728 | D:9      | Bought a potion of curing for 45 gold pieces
  6894 | D:9      | Reached skill level 5 in Fighting
  6934 | D:9      | Reached XP level 11. HP: 104/104 MP: 12/12
  7141 | D:9      | You fall into a shaft and drop 1 floor!
  7141 | D:10     | Entered Level 10 of the Dungeon
  7335 | D:9      | Reached skill level 9 in Unarmed Combat
  7384 | D:9      | Noticed a two-headed ogre
  7395 | D:9      | Killed a two-headed ogre
  7395 | D:9      | Reached skill level 5 in Dodging
  7789 | D:10     | Reached **** piety under the Shining One
  7872 | D:10     | Found a staircase to the Orcish Mines.
  8136 | D:11     | Noticed Snorg
  8147 | D:11     | Killed Snorg
  8235 | D:11     | Noticed a death knight
  8236 | D:11     | Noticed a phantasmal warrior
  8250 | D:11     | Killed a death knight
  8261 | D:11     | Reached skill level 5 in Invocations
  8262 | D:11     | Killed a phantasmal warrior
  8262 | D:11     | Reached skill level 5 in Evocations
  8450 | D:11     | Found a staircase to the Lair.
  8487 | D:11     | Reached ***** piety under the Shining One
  8568 | D:11     | Reached XP level 12. HP: 114/114 MP: 14/14
  8586 | D:11     | Reached skill level 10 in Unarmed Combat
  8619 | D:11     | Found a portal to a secret trove of treasure.
  8806 | D:12     | Upgraded the game from 0.26-a0-587-g905d6fb to
                  | 0.26-a0-591-g04f19ec
  8855 | D:12     | Noticed a tengu warrior
  8870 | D:12     | Killed a tengu warrior
  9009 | D:12     | Found Neor's General Store.
  9012 | D:12     | Bought a box of beasts (3/3) for 260 gold pieces
  9012 | D:12     | Bought a potion of might for 52 gold pieces
  9385 | D:12     | Lost mutation: Your system is resistant to poisons. (rPois)
                  | [potion of mutation]
  9385 | D:12     | Gained mutation: You are partially covered in iridescent
                  | scales. (AC +2) [potion of mutation]
  9385 | D:12     | Gained mutation: Your flesh is heat resistant. (rF+)
                  | [potion of mutation]
  9385 | D:12     | Gained mutation: You are weak. (Str -2) [potion of
                  | mutation]
  9385 | D:12     | Lost mutation: You are weak. (Str -2) [potion of mutation]
  9555 | D:12     | Reached skill level 11 in Unarmed Combat
  9794 | D:13     | Noticed a two-headed ogre
  9805 | D:13     | Killed a two-headed ogre
  9832 | D:13     | Found a gate leading to a gauntlet.
  9841 | Gauntlet | Entered a Gauntlet
  9841 | Gauntlet | Found a transporter.
  9841 | Gauntlet | Found a transporter.
  9846 | Gauntlet | Reached ****** piety under the Shining One
  9853 | Gauntlet | Found a transporter.
  9867 | Gauntlet | Noticed a green death
  9870 | Gauntlet | Found a transporter.
  9870 | Gauntlet | Found a transporter.
  9872 | Gauntlet | Found a transporter.
  9910 | Gauntlet | Found a runed translucent gate.
  9911 | Gauntlet | Found a transporter.
  9911 | Gauntlet | Found a runed translucent gate.
  9915 | Gauntlet | Found a transporter.
  9917 | Gauntlet | Found a runed translucent gate.
 10018 | Gauntlet | Got a slimy hat
 10024 | Gauntlet | Identified the +2 hat "Vonnerew" {*Slow rF+ rC+ MP+9} (You
                  | found it in a Gauntlet)
 10051 | Gauntlet | Found a transporter.
 10054 | Gauntlet | Found a transporter.
 10067 | Gauntlet | Killed a green death
 10077 | Gauntlet | Found a transporter.
 10081 | Gauntlet | Noticed a green death
 10103 | Gauntlet | Noticed a catoblepas
 10128 | Gauntlet | Found a runed translucent door.
 10157 | Gauntlet | Found a transporter.
 10161 | Gauntlet | Found a transporter.
 10171 | Gauntlet | Killed a catoblepas
 10171 | Gauntlet | Reached XP level 13. HP: 124/124 MP: 16/16
 10190 | Gauntlet | Found a transporter.
 10208 | Gauntlet | Noticed a minotaur
 10230 | Gauntlet | Killed a minotaur
 10375 | D:13     | Noticed Sonja
 10403 | D:13     | Killed Sonja
 11045 | D:14     | Noticed Nessos
 11056 | D:14     | Killed Nessos
 11056 | D:14     | Reached skill level 12 in Unarmed Combat
 11118 | D:14     | Noticed Louise
 11123 | D:14     | Cast into level 3 of the Abyss (Louise)
 11127 | Abyss:3  | Found a corrupted altar of Lugonu.
 11205 | Abyss:3  | Noticed a lich
 11231 | Abyss:3  | HP: 6/126 [lich/crystal spear (22)]
 11232 | Abyss:3  | Killed from afar by a lich

Illustrated notes

Levels and vault maps discovered:
D:1:      dpeg_arrival_lava_altar, layout_basic
D:2:      layout_basic, lemuel_round_altar
D:3:      layout_loops_ring, serial_bayou_ford_a, uniq_jessica
D:4:      layout_basic, cheibrodos_sewer_entry_drain, serial_shops,
          nicolae_shop_waterfront, hex_large, tso_metal_star
D:5:      layout_basic, serial_shops,
          nicolae_shop_temple_entry_statues_fountains, enter_ossuary_3,
          serial_curves, eino_curves_02, eino_curves_01,
          chequers_serial_rivers_micro_d, uniq_crazy_yiuf_cottage, uniq_edmund,
          uniq_blork_the_orc, uniq_sigmund
D:6:      layout_loops_ring, grunt_tough_drop
D:7:      layout_cave_pools, minmay_temple_entry_junction_2, uniq_joseph,
          uniq_menkaure
D:8:      layout_basic, minmay_misc_feat_chi, uniq_harold, uniq_grum,
          uniq_maggie
D:9:      layout_irregular_city, serial_shops, nicolae_shop_trees,
          hangedman_abyss_or_decor_passed
D:10:     lemuel_ice_spiral_2, layout_irregular_city, orc_0_dummy
D:11:     layout_rooms, dpeg_oklobed_lair, nicolae_trove_entry_path_of_doom,
          uniq_snorg
D:12:     layout_loops_ring, serial_shops, kennysheep_mini_moat
D:13:     layout_loops_ring, gauntlet_entry_generic, nrook_mini_backslash,
          grunt_ministairs_3, chequers_serial_rivers_micro_c, uniq_sonja
D:14:     layout_cave_pools, david_vaults_5, hex_tiny, uniq_nessos, uniq_louise
Abyss:3:  base: D:10, minivault_11

Skill      XL: |  1  2  3  4  5  6  7  8  9 10 11 12 13 |
---------------+----------------------------------------+-----
Dodging        | 3 4 5 |  5.9
Shields        | 3 4 5 7 8 9 |  9.2
Unarmed Combat | 3 4 5 6 7 8 9 11 12 | 12.1
Armour         | 1 2 3 4 |  4.6
Throwing       | 1 2 3 4 |  4.1
Evocations     | 1 2 3 4 5 6 |  6.3
Fighting       | 3 4 5 6 7 |  7.6
Invocations    | 2 3 5 6 7 |  7.1
Stealth        | 1 |  1.2

Action                   |  1- 3 |  4- 6 |  7- 9 | 10-12 | 13-15 || total
-------------------------+-------+-------+-------+-------+-------++-------
Melee: Unarmed           |   137 |   119 |   438 |   570 |    98 ||  1362
Throw: Javelin           |     9 |     6 |       |       |       ||    15
       Boomerang         |       |     2 |     7 |    13 |     1 ||    23
Invok: Cleansing Flame   |       |       |       |     3 |     3 ||     6
       Divine Shield     |       |       |       |     2 |     2 ||     4
Evoke: Wand              |       |       |     3 |     6 |     7 ||    16
       Box of beasts     |       |       |       |     2 |     2 ||     4
  Use: Potion            |       |     3 |     5 |     5 |     4 ||    17
       Scroll            |       |     7 |    10 |     9 |     2 ||    28
 Stab: Sleeping          |     1 |     2 |       |       |       ||     3
Armor: Robe              |    57 |    25 |   104 |     2 |       ||   188
       Skin              |       |    10 |       |       |       ||    10
       Swamp dragon scal |       |       |       |   128 |    37 ||   165
Dodge: Dodged            |    53 |    34 |   124 |   211 |    52 ||   474
Block: Kite shield       |    53 |    62 |   155 |   293 |    70 ||   633

Table legend: (Time is in decaauts)
 A = Elapsed time spent in this place.
 B = Non-inter-level travel time spent in this place.
 C = Inter-level travel time spent in this place.
 D = Time resting spent in this place.
 E = Time spent auto-exploring this place.
 F = Levels seen in this place.
 G = Mean time per level.
                   A        B        C        D        E       F      G
               +--------+--------+--------+--------+--------+-----+--------+
         Total |  11126 |  11126 |      0 |    135 |   1124 |  18 |  618.1 |
       Dungeon |   9992 |   9992 |      0 |     58 |   1124 |  14 |  713.7 |
         Abyss |    107 |    107 |      0 |      0 |      0 |   1 |  107.0 |
         Sewer |    166 |    166 |      0 |      0 |      0 |   1 |  166.0 |
       Ossuary |    354 |    354 |      0 |      8 |      0 |   1 |  354.0 |
      Gauntlet |    506 |    506 |      0 |     69 |      0 |   1 |  506.0 |
               +--------+--------+--------+--------+--------+-----+--------+

Top non-repeatable levels by time:
     D:5: 1114 daAuts
     D:1: 902 daAuts
    D:12: 886 daAuts
    D:13: 789 daAuts
     D:6: 787 daAuts
     D:4: 741 daAuts
     D:3: 735 daAuts
    D:10: 732 daAuts
     D:8: 704 daAuts
     D:9: 685 daAuts
     D:2: 663 daAuts
    D:11: 650 daAuts
     D:7: 522 daAuts
Gauntlet: 506 daAuts
 Ossuary: 354 daAuts
